 Dungeon Crawl Stone Soup version 0.26-a0-611-g354ed81502 (webtiles) character file.

Game seed: 9291174964500496180

133 Peloso the Skirmisher (level 4, -4/41 HPs)
             Began as a Minotaur Fighter on Sept 5, 2020.
             Slain by an orc
             ... wielding a +0 mace
              (5 damage)
             ... on level 4 of the Dungeon.
             The game lasted 00:02:24 (1735 turns).

Peloso the Skirmisher (Minotaur Fighter)            Turns: 1735, Time: 00:02:26

Health: -4/41      AC:  7    Str: 20    XL:     4   Next: 94%
Magic:  3/3        EV:  8    Int:  5    God:
Gold:   74         SH:  9    Dex: 11    Spells: 3/3 levels left

rFire    . . .     SeeInvis .   a - +0 long sword
rCold    . . .     Faith    .   c - +0 kite shield
rNeg     . . .     Spirit   .   b - +0 scale mail
rPois    .         Reflect  .   (helmet unavailable)
rElec    .         Harm     .   (no cloak)
rCorr    .                      (no gloves)
MR       .....                  (no boots)
Stlth    ..........             (no amulet)
HPRegen  0.13/turn              (no ring)
MPRegen  0.08/turn              (no ring)

@: lethally poisoned (-4 -> -8)
A: retaliatory headbutt, horns 3
a: no special abilities


You were on level 4 of the Dungeon.
You visited 1 branch of the dungeon, and saw 4 of its levels.

You collected 74 gold pieces.

Inventory:

Hand Weapons
 a - a +0 long sword (weapon)
Armour
 b - a +0 scale mail (worn)
 c - a +0 kite shield (worn)
 i - a +0 pair of boots
Scrolls
 e - 3 scrolls of remove curse {unknown}
 f - 2 scrolls of identify {unknown}
 g - 2 scrolls of amnesia {unknown}
 h - 2 scrolls of enchant armour {unknown}
Potions
 d - 2 potions of might
 j - a potion of invisibility {unknown}


   Skills:
 + Level 4.7 Fighting
 + Level 3.5 Long Blades
 + Level 4.5 Armour
 + Level 1.0 Dodging
 + Level 4.6 Shields


You had 3 spell levels left.
You didn't know any spells.
Your spell library was empty.

Dungeon Overview and Level Annotations

Branches:
Dungeon (4/15)
 Temple: D:4-7

Altars:
Dithmenos

Annotations:
D:2 1 runed translucent door, Crazy Yiuf


Innate Abilities, Weirdness & Mutations

You reflexively headbutt those who attack you in melee.
You have a pair of large horns on your head.


Message History

You feel sick. The adder bites you but does no damage.
The centaur zombie hits you.
* * * LOW HITPOINT WARNING * * *
You block the orc's attack. You block the adder's attack.
The centaur zombie hits you but does no damage.
* * * LOW HITPOINT WARNING * * *
You feel sick. You block the adder's attack. The centaur zombie hits you.
* * * LOW HITPOINT WARNING * * *
The orc hits you but does no damage. The adder barely misses you.
The centaur zombie barely misses you. You furiously retaliate!
You headbutt the centaur zombie! You block the orc's attack.
The adder barely misses you. The centaur zombie barely misses you.
* * * LOW HITPOINT WARNING * * *
You feel sick. The adder closely misses you. You furiously retaliate!
You headbutt the adder!
You kill the adder!
The centaur zombie barely misses you. You furiously retaliate!
You headbutt the centaur zombie! The orc hits you with a +0 mace.
You die...

###......#
##.........
##..........
##...........
##...........(
#.............
#.....o†......
#.....@Z......
#............#
#............#
#..<........##
#...........#
#.....!.......
##............
#...........#
###......###


You could see an orc and a centaur zombie.

Vanquished Creatures
  Jessica (D:2)
  3 gnolls (D:2)
  4 adders
  A worm (D:2)
  A leopard gecko (D:2)
  5 orcs
  A ball python (D:3)
  A bat (D:3)
  2 giant cockroaches (D:3)
  6 goblins
  4 hobgoblins
  A quokka (D:3)
  2 kobolds (D:2)
  A quokka skeleton (D:4)
  A rat (D:2)
34 creatures vanquished.

Notes
Turn   | Place    | Note
-------+----------+-------------------------------------------
     0 | D:1      | Peloso the Minotaur Fighter began the quest for the Orb.
     0 | D:1      | Reached XP level 1. HP: 19/19 MP: 0/0
     5 | D:1      | You fall into a shaft and drop 1 floor!
    27 | D:2      | Reached XP level 2. HP: 20/28 MP: 1/1
   251 | D:2      | Reached XP level 3. HP: 18/34 MP: 2/2
   449 | D:2      | Found a shadowy altar of Dithmenos.
   491 | D:2      | Noticed Jessica
   499 | D:2      | Killed Jessica
   499 | D:2      | Reached XP level 4. HP: 37/41 MP: 3/3
   892 | D:2      | Found a runed translucent door.
   893 | D:2      | Noticed Crazy Yiuf
  1059 | D:2      | Reached skill level 1 in Dodging
  1280 | D:2      | Gained mutation: You are dopey. (Int -2) [potion of
                  | mutation]
  1280 | D:2      | Lost mutation: You are dopey. (Int -2) [potion of mutation]
  1280 | D:2      | Gained mutation: You have a pair of large horns on your
                  | head. [potion of mutation]
  1733 | D:4      | HP: 2/41 [centaur zombie (3)]
  1735 | D:4      | Slain by an orc

Illustrated notes

Levels and vault maps discovered:
D:1:      ncdulo_halloftheorcs, layout_basic
D:2:      layout_basic, grunt_dithmenos_smoke_and_mirrors,
          minmay_curled_crystal, guppyfry_early_orc_mine, uniq_jessica,
          uniq_natasha, uniq_crazy_yiuf_cottage
D:3:      layout_rooms, overflow_temple_1_default, minmay_door_square,
          uniq_grinder
D:4:      minmay_chambers_of_threes, layout_layer_cave,
          nemelex_xobeh_ov_fountains_minmay, bloody_makhleb,
          nicolae_ru_sacrificial_ziggurat, uniq_blork_the_orc, uniq_menkaure,
          uniq_ijyb, uniq_eustachio, uniq_duvessa

Skill      XL: |  1  2  3  4 |
---------------+-------------+-----
Fighting       | 4 |  4.7
Shields        | 4 |  4.6
Armour         | 4 |  4.5
Long Blades    | 3 |  3.5
Dodging        | 1 |  1.0

Action                   |  1- 3 |  4- 6 || total
-------------------------+-------+-------++-------
Melee: Long sword        |    33 |    36 ||    69
       Headbutt          |     8 |     6 ||    14
  Use: Potion            |       |     2 ||     2
Armor: Scale mail        |    19 |    46 ||    65
Dodge: Dodged            |     9 |    40 ||    49
Block: Kite shield       |    20 |    62 ||    82
       Rpst.: Long sword |     5 |     8 ||    13

Table legend: (Time is in decaauts)
 A = Elapsed time spent in this place.
 B = Non-inter-level travel time spent in this place.
 C = Inter-level travel time spent in this place.
 D = Time resting spent in this place.
 E = Time spent auto-exploring this place.
 F = Levels seen in this place.
 G = Mean time per level.
                   A        B        C        D        E       F      G
               +--------+--------+--------+--------+--------+-----+--------+
         Total |   1756 |   1738 |     18 |    418 |   1009 |   4 |  439.0 |
       Dungeon |   1756 |   1738 |     18 |    418 |   1009 |   4 |  439.0 |
               +--------+--------+--------+--------+--------+-----+--------+

Top non-repeatable levels by time:
     D:2: 1581 daAuts
     D:3: 146 daAuts
     D:4: 24 daAuts
     D:1: 5 daAuts
